 Dungeon Crawl Stone Soup version 0.17.0-28-g6e173f8 (webtiles) character file.

34120 PossumBlood the Bludgeoner (level 13, -3/127 HPs)
             Began as a Minotaur Fighter on Dec 2, 2015.
             Was the Champion of Okawaru.
             Slain by a flayed ghost (18 damage)
             ... on level 12 of the Dungeon.
             The game lasted 01:10:01 (13757 turns).

PossumBlood the Bludgeoner (Minotaur Fighter)      Turns: 13757, Time: 01:10:01

Health: -3/127     AC: 26    Str: 29    XL:     13   Next: 40%
Magic:  12/12      EV:  7    Int:  5    God:    Okawaru [******]
Gold:   1826       SH: 13    Dex: 10    Spells: 0 memorised, 12 levels left

rFire  . . .     SeeInvis +     a - +3 flail
rCold  . . .     Clarity  .     t - +0 plate armour
rNeg   . . .     SustAt   .     c - +0 shield
rPois  .         Gourm    .     i - +2 hat {SInv}
rElec  .         Spirit   .     e - +0 cloak
rCorr  .         Warding  .     m - +2 pair of gloves
rMut   .         Stasis   .     F - +0 pair of boots
MR     .....                    A - amulet of regeneration
Stlth  ..........               K - +3 ring of protection
                                k - +3 ring of strength

@: flayed, very slightly contaminated, not resistant to hostile enchantments,
extremely unstealthy
A: retaliatory headbutt, hooves 1, horns 2
a: Heroism, Finesse, Renounce Religion


You were on level 12 of the Dungeon.
You worshipped Okawaru.
Okawaru was exalted by your worship.
You were not hungry.

You visited 4 branches of the dungeon, and saw 18 of its levels.

You collected 1970 gold pieces.
You spent 144 gold pieces at shops.

Inventory:

Hand Weapons
 a - a +3 flail (weapon)
 d - a +2 flail of protection
 r - a +0 dire flail
 s - a +0 quarterstaff of freezing
 y - a +2 dire flail of draining
 H - a +3 antimagic demon whip
 P - a +2 scimitar of flaming
Missiles
 I - 5 javelins (quivered)
Armour
 c - a +0 shield (worn)
 e - a +0 cloak (worn)
 i - a +2 hat of see invisible (worn)
 l - a +1 pair of gloves
 m - a +2 pair of gloves (worn)
 t - a +0 plate armour (worn)
 x - the cursed +1 leather armour of the Harvest {rF+ Dex+2, unknown}
   (You found it on level 12 of the Dungeon)

   It affects your dexterity (+2).
   It protects you from fire.
   It has a curse placed upon it.
 F - a +0 pair of boots (worn)
 W - the +2 leather armour of the Ant {+Blink Str+4}
   (You found it on level 11 of the Dungeon)

   It affects your strength (+4).
   It lets you blink.
Jewellery
 g - an uncursed ring of ice
 j - an uncursed amulet of resist mutation
 k - a +3 ring of strength (left hand)
 n - an uncursed ring of see invisible
 o - an uncursed ring of ice
 A - an amulet of regeneration (around neck)
 K - a +3 ring of protection (right hand)
 Q - an uncursed amulet of clarity
 R - an uncursed ring of ice
 S - an uncursed ring of sustain attributes {unknown}
Wands
 u - a wand of fire (9)
 C - a wand of polymorph (18)
 M - a wand of paralysis (2)
Scrolls
 b - 2 scrolls of fear
 q - a scroll of enchant weapon
 v - 4 scrolls of remove curse
 B - a scroll of recharging
 J - a scroll of magic mapping
 O - a scroll of silence
 U - a scroll of enchant armour
 Y - a scroll of identify
 Z - 2 scrolls of fog {unknown}
Potions
 f - a potion of cancellation
 h - a potion of magic
 D - 2 potions of resistance
 E - a potion of heal wounds
 L - 2 potions of flight
 N - a potion of berserk rage
 V - a potion of invisibility {unknown}
Comestibles
 p - 6 meat rations
 w - a bread ration
 z - a beef jerky


   Skills:
 + Level 15.4 Fighting
 - Level 16.0 Maces & Flails
 + Level 11.4 Armour
 + Level 11.6 Shields


You had 12 spell levels left.
You didn't know any spells.

Dungeon Overview and Level Annotations

Branches:
Dungeon (12/15)            Temple (1/1) D:7            Lair (0/8) D:10
    Orc (4/4) D:9             Elf (1/3) Orc:4

Altars:
Ashenzari
Cheibriados
Dithmenos
Elyvilon
Fedhas
Gozag
Kikubaaqudgha
Makhleb
Nemelex Xobeh
Okawaru
Qazlal
Ru
Sif Muna
Trog
Vehumet
Xom
Yredelemnul
Zin
The Shining One
Beogh

Shops:
D:5 (   D:7 (   D:8 [   D:9 [   Orc:2 (   Orc:4 }([(!

Annotations:
Elf:1 Donald


Innate Abilities, Weirdness & Mutations

You reflexively headbutt those who attack you in melee.
You have a pair of horns on your head.
You have large cloven feet.


Message History

You are very lightly contaminated with residual magic.
As you read the scroll of blinking, it crumbles to dust.
The yaktaur captain shoots a bolt.
You block the bolt.
There is a large open door here.
You close the large door.
A flayed ghost opens the large door.
You closely miss the flayed ghost. Your headbutt misses the flayed ghost.
You hit the flayed ghost. Your headbutt misses the flayed ghost.
The flayed ghost is lightly damaged.
The flayed ghost hits you!
* * * LOW HITPOINT WARNING * * *
You sock the flayed ghost! You headbutt the flayed ghost.
The flayed ghost is lightly damaged.
You block the flayed ghost's attack.
Drink which item? (? for menu, Esc to quit)
Okay, then.
Read which item? (? for menu, Esc to quit)
As you read the scroll of fear, it crumbles to dust.
You assume a fearsome visage.
The flayed ghost is unaffected.
The yaktaur captain looks frightened!
The flayed ghost hits you!!
You die...

#............≈# .......
####+####)...≈#..################
........#....≈#..#.....c[...(...#
........#....≈#..#..c...c.......#
........#....≈#..#..##########(.#
..[[....#....≈#..#..# ......$#(.#
...†....#....≈#..#..# ....t#)(#
........#....≈#..#.[# #.†#W.#
.....####....≈#.@Wc.# #c)§..#
.....#.......≈#..').# #.('..#
.....#.......≈#..#..# #..#..#
.....#.......≈#..#..# ....#..#
.....#.......≈#..#..# ....$#..#
####.##......≈#..#..##########..#
...#....8....≈#..#........ ...#
...#.........≈#..#........ .$#
...####.8....≈#..################


You could see a yaktaur captain (fleeing) and a flayed ghost.

Vanquished Creatures
  Erolcha (D:9)
  Fannar (D:12)
  A yaktaur captain (D:12)
  A centaur warrior (D:12)
  Erica (D:10)
  4 ogre magi (Orc:4)
  An orc high priest (Orc:4)
  Sonja (D:10)
  A deep elf knight (Elf:1)
  4 skeletal warriors (D:12)
  2 unseen horrors (D:12)
  4 hill giants
  2 orc knights
  2 orc sorcerers (Orc:4)
  An ugly thing (D:12)
  3 cyclopes
  2 centaur zombies
  Psyche (D:9)
  A yaktaur (D:12)
  2 trolls
  A trapdoor spider zombie (D:12)
  3 slime creatures (D:12)
  12 two-headed ogres (Orc:4)
  3 deep elf magi
  A spriggan (D:7)
  2 wraiths
  8 yaks
  2 humans (D:9)
  A wyvern (D:9)
  A steam dragon (D:8)
  4 hippogriffs
  A hungry ghost (D:12)
  A warg (Orc:2)
  A water moccasin (D:8)
  32 ogres
  17 orc warriors
  3 sky beasts
  A phantom (D:5)
  A wasp (D:8)
  5 ice beasts
  7 centaurs
  A crocodile (D:7)
  10 giant frogs
  3 big kobolds
  A brain worm (D:12)
  A gnoll sergeant (D:7)
  4 scorpions
  4 wights (D:6)
  6 killer bees (D:11)
  An electric eel (D:12)
  20 orc priests
  4 giant frog zombies
  2 jellies
  3 crimson imps
  4 hounds
  24 orc wizards
  A centaur skeleton (D:9)
  2 giant frog skeletons
  12 worker ants
  6 iguanas
  A hound zombie (D:7)
  A worker ant zombie (D:9)
  9 gnolls
  15 adders
  2 shadow imps
  An ooze (D:1)
  3 adder skeletons
  5 worms
  A giant gecko (D:3)
  158 orcs
  5 ball pythons
  8 hobgoblins
  3 jackals (D:6)
  15 kobolds
  4 quokkas
  6 bats
  8 giant cockroaches
  7 giant newts
  7 goblins
  6 rats
  A spectral orc (D:2)
518 creatures vanquished.

Vanquished Creatures (others)
  A wizard (D:6)
  An orc (Orc:4)
2 creatures vanquished.

Grand Total: 520 creatures vanquished

Notes
Turn   | Place    | Note
--------------------------------------------------------------
     0 | D:1      | PossumBlood the Minotaur Fighter began the quest for the Orb.
     0 | D:1      | Reached XP level 1. HP: 19/19 MP: 0/0
   164 | D:1      | Reached XP level 2. HP: 27/27 MP: 1/1
   260 | D:1      | Reached skill level 4 in Fighting
   627 | D:2      | Reached XP level 3. HP: 25/33 MP: 2/2
  1153 | D:2      | Found a basalt altar of Yredelemnul.
  1358 | D:3      | Reached XP level 4. HP: 40/40 MP: 3/3
  1481 | D:3      | Reached skill level 5 in Maces & Flails
  1494 | D:3      | HP: 2/41 [worm (7)]
  2347 | D:4      | Reached XP level 5. HP: 26/47 MP: 4/4
  2577 | D:4      | Found a white marble altar of Elyvilon.
  2874 | D:5      | Entered Level 5 of the Dungeon
  2931 | D:5      | Reached skill level 5 in Fighting
  2931 | D:5      | Reached skill level 6 in Maces & Flails
  3028 | D:5      | Reached XP level 6. HP: 56/56 MP: 5/5
  3099 | D:5      | Reached skill level 7 in Maces & Flails
  3263 | D:5      | Noticed a centaur
  3271 | D:5      | Found Zathe's Antique Weapon Emporium.
  3358 | D:5      | Noticed an ogre
  3365 | D:5      | Killed an ogre
  3381 | D:5      | Reached XP level 7. HP: 53/63 MP: 6/6
  3388 | D:5      | Noticed a phantom
  3401 | D:5      | Killed a phantom
  3401 | D:5      | Reached skill level 8 in Maces & Flails
  3486 | D:5      | Killed a centaur
  3869 | D:6      | Reached skill level 9 in Maces & Flails
  3955 | D:6      | Reached XP level 8. HP: 73/73 MP: 7/7
  4080 | D:6      | Found a bloodstained altar of Trog.
  4081 | D:6      | Noticed a wizard
  4086 | D:6      | Killed a wizard
  4141 | D:6      | Found a shimmering altar of Xom.
  4204 | D:6      | Reached skill level 10 in Maces & Flails
  4359 | D:7      | Reached skill level 11 in Maces & Flails
  4549 | D:7      | Reached XP level 9. HP: 79/82 MP: 8/8
  4593 | D:7      | Found a staircase to the Ecumenical Temple.
  4614 | Temple   | Entered the Ecumenical Temple
  4737 | D:7      | Found Ajeph's Weapon Shop.
  4742 | D:7      | Reached skill level 12 in Maces & Flails
  5108 | D:7      | Reached skill level 13 in Maces & Flails
  5118 | D:7      | Reached skill level 10 in Fighting
  5404 | D:8      | Found a glowing silver altar of Zin.
  5433 | D:8      | Found a glowing silver altar of Zin.
  5448 | D:8      | Gained mutation: You have large cloven feet. [potion of beneficial mutation]
  5638 | D:8      | Reached XP level 10. HP: 94/94 MP: 9/9
  5713 | D:8      | Reached skill level 14 in Maces & Flails
  5909 | D:8      | Found Liqaun's Antique Armour Emporium.
  5919 | D:8      | Bought a pair of boots for 144 gold pieces
  6069 | D:9      | Noticed Erolcha
  6076 | D:9      | Killed Erolcha
  6182 | D:9      | Found a staircase to the Orcish Mines.
  6244 | D:9      | Noticed Psyche
  6250 | D:9      | Killed Psyche
  6250 | D:9      | Reached skill level 15 in Maces & Flails
  6274 | D:9      | Found an iron altar of Okawaru.
  6294 | D:9      | Became a worshipper of Warmaster Okawaru
  6389 | D:9      | Paralysed by an orc for 4 turns
  6734 | D:9      | Found Dum Deoh's Armour Boutique.
  7052 | D:10     | Entered Level 10 of the Dungeon
  7096 | D:10     | Noticed Erica
  7108 | D:10     | Killed Erica
  7108 | D:10     | Reached * piety under Okawaru
  7108 | D:10     | Reached XP level 11. HP: 78/104 MP: 10/10
  7186 | D:10     | Noticed Sonja
  7278 | D:10     | Killed Sonja
  7278 | D:10     | Reached skill level 16 in Maces & Flails
  7501 | D:10     | Found a staircase to the Lair.
  7593 | D:10     | Reached ** piety under Okawaru
  8075 | Orc:1    | Entered Level 1 of the Orcish Mines
  8089 | Orc:1    | Reached skill level 5 in Armour
  8105 | Orc:1    | Reached skill level 5 in Shields
  8373 | Orc:1    | Found a roughly hewn altar of Beogh.
  8754 | Orc:2    | Found Nesaokag's Weapon Shoppe.
  9156 | Orc:2    | HP: 4/105 [orc knight/long sword (17)]
  9537 | Orc:2    | Reached *** piety under Okawaru
 10175 | Orc:4    | Entered Level 4 of the Orcish Mines
 10275 | Orc:4    | Found Ycunneat's Distillery.
 10636 | Orc:4    | Noticed an ogre mage
 10639 | Orc:4    | Noticed an ogre mage
 10642 | Orc:4    | Noticed an ogre mage
 10645 | Orc:4    | Noticed an ogre mage
 10662 | Orc:4    | Killed an ogre mage
 10670 | Orc:4    | Killed an ogre mage
 10670 | Orc:4    | Reached **** piety under Okawaru
 10673 | Orc:4    | Reached XP level 12. HP: 46/115 MP: 11/11
 10685 | Orc:4    | Killed an ogre mage
 10818 | Orc:4    | Reached ***** piety under Okawaru
 10864 | Orc:4    | Found Camolora's Armour Shoppe.
 10864 | Orc:4    | Found Hantit's Gadget Shop.
 10864 | Orc:4    | Found Emnal's Weapon Boutique.
 10864 | Orc:4    | Found Echo's Antique Weapon Shoppe.
 10892 | Orc:4    | Killed an ogre mage
 11068 | Orc:4    | Paralysed by an orc sorcerer for 6 turns
 11372 | Orc:4    | Noticed an orc high priest
 11393 | Orc:4    | Found a staircase to the Elven Halls.
 11603 | Orc:4    | Killed an orc high priest
 11649 | Orc:4    | Found a roughly hewn altar of Beogh.
 12052 | Elf:1    | Entered Level 1 of the Elven Halls
 12125 | Elf:1    | Received a gift from Okawaru
 12208 | Elf:1    | Noticed Donald
 12696 | D:11     | Got a faintly glowing leather armour
 12700 | D:11     | Identified the +2 leather armour of the Ant {+Blink Str+4} (You found it on level 11 of the Dungeon)
 12843 | D:11     | Reached skill level 10 in Shields
 12856 | D:11     | Reached skill level 10 in Armour
 12983 | D:12     | Noticed Fannar
 13018 | D:12     | Killed Fannar
 13101 | D:12     | Got an emerald-encrusted leather armour
 13308 | D:12     | Reached XP level 13. HP: 108/125 MP: 12/12
 13355 | D:12     | Reached skill level 15 in Fighting
 13671 | D:12     | Noticed a centaur warrior
 13672 | D:12     | Noticed a yaktaur captain
 13688 | D:12     | Killed a centaur warrior
 13693 | D:12     | Killed a yaktaur captain
 13723 | D:12     | Noticed a yaktaur captain
 13728 | D:12     | Reached ****** piety under Okawaru
 13728 | D:12     | Received a gift from Okawaru
 13757 | D:12     | Slain by a flayed ghost

Action                   |  1- 3 |  4- 6 |  7- 9 | 10-12 | 13-15 || total
-------------------------+-------+-------+-------+-------+-------++-------
Melee: Flail             |   124 |   119 |   326 |   963 |   151 ||  1683
Invok: Heroism           |       |       |       |     6 |       ||     6
  Use: Scroll            |     8 |     8 |     5 |    10 |     2 ||    33
       Potion            |     5 |     4 |     3 |    11 |       ||    23
  Eat: Bread ration      |     1 |       |     1 |     8 |     1 ||    11
       Fruit             |       |     2 |       |       |       ||     2
       Meat ration       |       |     1 |       |       |       ||     1
       Pizza             |       |       |     1 |       |       ||     1
